 Dungeon Crawl Stone Soup version 0.30-a0-782-ge64f9170bb (webtiles) character file.

Game seed: 8274481132240506415

8842 theswoord the Markself (level 11, -2/67 HPs)
             Began as a Deep Elf Hunter on Mar 15, 2023.
             Was a Believer of Kikubaaqudgha.
             Slain by a troll (6 damage)
             ... on level 10 of the Dungeon.
             The game lasted 00:16:53 (7992 turns).

theswoord the Markself (Deep Elf Hunter)            Turns: 7992, Time: 00:16:53

Health: -2/67      AC: 28    Str:  8    XL:     11   Next: 15%
Magic:  13/13      EV: 11    Int: 15    God:    Kikubaaqudgha [**....]
Gold:   473        SH:  0    Dex: 22    Spells: 10/10 levels left

rFire   . . .      SeeInvis .    a - +1 shortbow
rCold   . . .      Faith    .    (shield currently unavailable)
rNeg    . . .      Spirit   .    o - +18 Lear's hauberk
rPois   .          Reflect  .    (helmet currently unavailable)
rElec   .          Harm     .    f - +0 cloak
rCorr   .          Rampage  .    (gloves currently unavailable)
Will    +....                    (boots currently unavailable) Stlth
                                 j - amulet of regeneration
HPRegen 1.11/turn                i - +5 ring of evasion
MPRegen 0.13/turn                (no ring)

@: no status effects
A: no striking features
a: Renounce Religion, Unearth Wretches


You were on level 10 of the Dungeon.
You worshipped Kikubaaqudgha.
Kikubaaqudgha was pleased with you.
You visited 2 branches of the dungeon, and saw 11 of its levels.
You also visited: Ossuary.

You collected 671 gold pieces.
You spent 198 gold pieces at shops.

Inventory:

Hand Weapons
 a - a +1 shortbow (weapon)
Armour
 f - a +0 cloak (worn)
 g - a +0 troll leather armour
 h - a +2 pair of gloves
 k - a +2 cloak
 o - the +18 Lear's hauberk (worn)
   (You found it on level 6 of the Dungeon)
Jewellery
 i - a +5 ring of evasion (left hand)
 j - an amulet of regeneration (around neck)
 v - a ring of fire
 x - an amulet of reflection
Wands
 n - a wand of digging (2)
 y - a wand of charming (10)
Scrolls
 d - 4 scrolls of teleportation
 t - 2 scrolls of fear
 w - a scroll of fog
 B - 2 scrolls of identify
Potions
 b - 2 potions of ambrosia
 e - 4 potions of mutation
 l - 7 potions of brilliance
 r - 3 potions of lignification
 u - 2 potions of flight
 z - a potion of resistance
 A - 2 potions of cancellation


   Skills:
 + Level 7.0 Fighting
 - Level 16.0 Ranged Weapons
 + Level 4.6 Armour
 + Level 10.0 Dodging
 - Level 1.2 Stealth


You had 10 spell levels left.
You didn't know any spells.
Your spell library contained the following spells:

 Spells                   Type           Power      Damage    Failure   Level
 Kiss of Death            Conj/Necr      0%         2d5       100%        1
 Necrotise                Necr           0%         1d4       100%        1
 Sublimation of Blood     Necr           0%         N/A       100%        2
 Animate Dead             Necr           0%         N/A       100%        4


Dungeon Overview and Level Annotations

Branches:
Dungeon (10/15)            Temple (1/1) D:7            Lair (0/5) D:10
Ossuary (visited)
    Orc: D:9-12

Altars:
Ashenzari
Cheibriados
Dithmenos
Elyvilon
Fedhas
Gozag
Hepliaklqana
Kikubaaqudgha
Makhleb
Nemelex Xobeh
Okawaru
Qazlal
Ru
Sif Muna
Trog
Uskayaw
Vehumet
Wu Jian
Xom
Yredelemnul
Zin
The Shining One

Shops:
D:4 *


Message History

The troll shouts, "No!
I'll never do that again!"
Okay, then.
Really read the scroll of poison?
The air fills with toxic fumes!
As you read the scroll of poison, it crumbles to dust.
You shoot an arrow. The arrow hits the troll!
Your attack snaps the troll out of its fear.
The yak is engulfed in poison gas.
The yak is poisoned.
The yak is engulfed in poison gas.
The yak is poisoned.
Cornered, the troll turns to fight!
The kobold demonologist is engulfed in poison gas.
The kobold demonologist is poisoned.
You shoot an arrow. The arrow hits the troll!
The yak is poisoned.
The kobold demonologist prays for help.
The kobold demonologist is engulfed in poison gas.
The kobold demonologist looks even sicker.
You shoot an arrow. The arrow hits the troll!
The yak is engulfed in poison gas.
The yak is poisoned.
You shoot an arrow.
The arrow hits the troll but does no damage.
You shoot an arrow. The arrow hits the troll!!
You kill the troll!
Kikubaaqudgha accepts your kill.
The yak is engulfed in poison gas.
The yak looks even sicker.
Training target 16.0 for Ranged Weapons reached!
Your Fighting skill increases to level 7!
Your Ranged Weapons skill increases to level 16!
Your Dodging skill increases to level 10!
You shoot an arrow. The arrow hits the chaos spawn.
The chaos spawn degenerates into a cloud of primal chaos!
You shoot an arrow.
The arrow hits the troll but does no damage.
The yak seems to regain its courage.
The troll is engulfed in seething chaos.
The troll suddenly seems more resistant.
The troll bites you!
* * * LOW HITPOINT WARNING * * *
The troll claws you.
You die...
Kikubaaqudgha rasps: "You have failed me!
Welcome... death!"

#............'...#.........#....#
#.......#..#§☼§○.........'....#
#.......####§☼☼#.........#....#
##.....## #§°○○#.........####+#
#.###..)## ##°☼§#...............
#.......# #§☼○#...............
#.......#+####°§°#...............
#######......#°§§#####☼####5.....
#......+§§@T5.Y..§..#Y5....
#..)...###+##.§§○°..'......
#.)........ #....§..#T.....
#######)......... #....○..#......
#......######.... ############'##
..[....# .... #.........T...#
≈≈.....# .. #.............#
.≈.....# . #........Y....#
.≈.....# #......Y.Y....#


You could see a yak (very poisoned), a troll (resistant) and a quasit
(summoned).

Vanquished Creatures
  Pikel (D:4)
  An ugly thing (D:10)
  Joseph (D:7)
  3 trolls
  Grinder (D:5)
  2 hornets
  Sigmund (D:3)
  15 yaks
  Menkaure (D:6)
  A steam dragon (D:8)
  3 wargs (D:10)
  An acid dragon (D:10)
  A sky beast (D:7)
  2 ice beasts
  4 black bears
  5 orc warriors
  An ogre (D:5)
  A centaur (D:5)
  3 phantoms
  2 kobold brigands
  2 gnoll sergeants
  2 bullfrogs (D:6)
  3 necrophages
  2 killer bees (D:10)
  5 howler monkeys
  A hound (D:5)
  A human zombie (Ossuary)
  A jelly (D:4)
  A gnoll bouda (D:5)
  8 orc priests
  Ijyb (D:5)
  2 iguanas
  8 orc wizards
  3 mummies (Ossuary)
  16 gnolls
  10 adders
  2 shadow imps
  3 worms
  5 dart slugs
  25 orcs
  3 ball pythons
  5 endoplasms
  7 giant cockroaches
  2 gnoll zombies (Ossuary)
  8 goblins
  9 hobgoblins
  20 kobolds
  3 quokkas
  4 bats
  3 frilled lizards
  A goblin zombie (Ossuary)
  2 hobgoblin zombies (Ossuary)
  2 orc zombies (Ossuary)
  6 rats (D:1)
226 creatures vanquished.

Vanquished Creatures (others)
  A ball python (D:3)
1 creature vanquished.

Grand Total: 227 creatures vanquished

Notes
Turn   | Place    | Note
-------+----------+-------------------------------------------
     0 | D:1      | theswoord the Deep Elf Hunter began the quest for the Orb.
     0 | D:1      | Reached XP level 1. HP: 12/12 MP: 3/3
   110 | D:1      | Reached XP level 2. HP: 16/16 MP: 4/4
   111 | D:1      | Reached skill level 6 in Ranged Weapons
   497 | D:1      | Reached XP level 3. HP: 20/20 MP: 5/5
   745 | D:2      | You fall into a shaft and drop 1 floor!
   816 | D:3      | Found a stormy altar of Qazlal.
   821 | D:3      | Reached skill level 7 in Ranged Weapons
   866 | D:3      | Noticed Sigmund
   878 | D:3      | Killed Sigmund
   879 | D:3      | Reached skill level 9 in Ranged Weapons
   879 | D:3      | Reached XP level 4. HP: 25/25 MP: 6/6
   879 | D:3      | Reached XP level 5. HP: 29/29 MP: 7/7
  1229 | D:3      | Found a glowing drain.
  1695 | D:2      | Reached XP level 6. HP: 34/34 MP: 8/8
  2206 | D:4      | Reached skill level 10 in Ranged Weapons
  2241 | D:4      | Noticed Pikel
  2249 | D:4      | Killed Pikel
  2250 | D:4      | Reached skill level 12 in Ranged Weapons
  2250 | D:4      | Reached XP level 7. HP: 38/38 MP: 9/9
  2270 | D:4      | Found Mucusm's Assorted Antiques.
  2285 | D:4      | Bought a translucent scale mail for 198 gold pieces
  2285 | D:4      | Identified the +1 scale mail "Tacs" {+Blink} (You bought it
                  | in a shop on level 4 of the Dungeon)
  2431 | D:4      | Reached XP level 8. HP: 44/44 MP: 10/10
  2923 | D:5      | Entered Level 5 of the Dungeon
  3001 | D:5      | Reached skill level 13 in Ranged Weapons
  3101 | D:5      | Noticed Grinder
  3126 | D:5      | Killed Grinder
  3195 | D:5      | HP: 2/46 [gnoll/+0 halberd[a gnoll bouda] (10)]
  3197 | D:5      | Reached skill level 5 in Dodging
  3525 | D:5      | Reached XP level 9. HP: 52/52 MP: 11/11
  3533 | D:5      | Noticed Ijyb
  3539 | D:5      | Killed Ijyb
  3908 | D:6      | Noticed Menkaure
  3917 | D:6      | Killed Menkaure
  3918 | D:6      | Reached skill level 14 in Ranged Weapons
  4077 | D:6      | Noticed a troll
  4091 | D:6      | Killed a troll
  4136 | D:6      | Found the +18 Lear's hauberk
  4354 | D:6      | Reached skill level 5 in Fighting
  4426 | D:7      | Noticed Joseph
  4440 | D:7      | Killed Joseph
  4441 | D:7      | Reached skill level 1 in Armour
  4497 | D:7      | Found a staircase to the Ecumenical Temple.
  4514 | Temple   | Entered the Ecumenical Temple
  4550 | Temple   | Became a worshipper of Kikubaaqudgha
  4659 | D:7      | Found a sand-covered staircase.
  4664 | Ossuary  | Entered an ossuary
  4968 | D:7      | Reached XP level 10. HP: 29/59 MP: 12/12
  5049 | D:7      | Found a broken altar of Ashenzari.
  5053 | D:7      | Saw a vision of the Swamp and the Spider Nest.
  5053 | D:7      | Noticed a spriggan rider
  5053 | D:7      | Noticed a spriggan rider
  5053 | D:7      | Noticed an alligator
  5053 | D:7      | Noticed a radroach
  5053 | D:7      | Noticed a boulder beetle
  5053 | D:7      | Noticed a radroach
  5053 | D:7      | Noticed a wolf spider
  5053 | D:7      | Noticed a torpor snail
  5054 | D:7      | Noticed a pharaoh ant
  5054 | D:7      | Noticed a steelbarb worm
  5056 | D:7      | Noticed a wolf spider
  5057 | D:7      | Noticed an orb spider
  5495 | D:8      | Reached * piety under Kikubaaqudgha
  5495 | D:8      | Received a gift from Kikubaaqudgha
  5669 | D:8      | Reached skill level 15 in Ranged Weapons
  6573 | D:9      | Paralysed by a hornet for 1 turns
  6576 | D:9      | HP: 3/60 [hornet (4)]
  7301 | D:9      | Reached ** piety under Kikubaaqudgha
  7646 | D:10     | Entered Level 10 of the Dungeon
  7741 | D:10     | Found a glowing golden altar of the Shining One.
  7790 | D:10     | Reached XP level 11. HP: 12/66 MP: 13/13
  7859 | D:10     | Found a staircase to the Lair.
  7929 | D:10     | Noticed a green ugly thing
  7934 | D:10     | Noticed a soul eater
  7969 | D:10     | Killed a green ugly thing
  7983 | D:10     | HP: 3/66 [troll (12)]
  7991 | D:10     | Reached skill level 16 in Ranged Weapons
  7991 | D:10     | Reached skill level 10 in Dodging
  7992 | D:10     | Slain by a troll

Skill      XL: |  1  2  3  4  5  6  7  8  9 10 11 |
---------------+----------------------------------+-----
Ranged Weapons | 6 9 12 13 14 15 16 | 16.0
Fighting       | 2 4 5 6 7 |  7.0
Dodging        | 3 5 8 9 10 | 10.0
Armour         | 2 4 |  4.6
Stealth        | |  1.2

Action                     |  1- 3 |  4- 6 |  7- 9 | 10-12 || total
---------------------------+-------+-------+-------+-------++-------
  Melee: Unarmed           |     6 |     7 |       |       ||    13
         Shortbow          |     1 |       |       |       ||     1
   Fire: Shortbow          |    76 |    99 |   422 |   363 ||   960
    Use: Scroll            |     3 |     5 |     7 |     7 ||    22
         Potion            |     1 |       |     4 |     3 ||     8
 Armour: Leather armour    |    11 |    16 |    31 |       ||    58
         Chain mail        |       |       |   104 |   312 ||   416
  Dodge: Dodged            |    29 |    22 |   113 |   179 ||   343
  Block: Other             |       |       |       |    33 ||    33

Levels and vault maps discovered:
D:1:      ncdulo_halloftheorcs, layout_basic, minmay_misc_feat_iff,
          minmay_split_cup_large
D:2:      layout_rooms, serial_rivers, chequers_serial_rivers_micro_e,
          chequers_serial_rivers_room_b, chequers_serial_rivers_room_a,
          chequers_serial_rivers_micro_b
D:3:      wad_pebble_path, layout_basic, grunt_qazlal_clouds,
          gup_sewer_entry_bubbles, minmay_goblin_kobold_house, uniq_sigmund
D:4:      layout_gridville, serial_shops, nicolae_lakefront_shop,
          kennysheep_dice, uniq_pikel
D:5:      layout_loops_ring, minmay_misc_feat_alley, dreamdust_princess_bridge,
          uniq_ijyb, uniq_grinder
D:6:      layout_rooms, hellmonk_guarded_unrand_lears, uniq_menkaure
D:7:      layout_basic, grunt_ashenzari_visionary
          [grunt_ashenzari_visionary_swamp, grunt_ashenzari_visionary_spider],
          minmay_temple_entry_junction_2, enter_ossuary_2, uniq_joseph
D:8:      layout_basic
D:9:      layout_basic
D:10:     layout_gridville, mainiacjoe_overflow_concentric_impassable,
          erik_lair_orcish_takeover, enter_trove_6, minmay_bent
Temple:   hellmonk_temple_of_storms
